[Event "52nd Rilton Cup 2024-25"]
[Site "Stockholm"]
[Date "2025.01.05"]
[Round "9.12"]
[White "Dotzer, Lukas"]
[Black "Akesson, Ralf"]
[Result "0-1"]
[ECO "C10"]
[WhiteElo "2426"]
[BlackElo "2336"]
[Annotator "TA"]
[PlyCount "88"]
[EventDate "2024.12.23"]
[EventType "swiss"]
[EventCountry "SWE"]
[SourceTitle "playchess.com"]
[Source "ChessBase"]
[SourceQuality "1"]
[TimeControl "40/5400+30:1800+30"]

1. e4 e6 2. d4 d5 3. Nc3 dxe4 4. Nxe4 Bd7 5. Nf3 Bc6 6. Bd3 Nd7 7. Bf4 Bxe4 8. Bxe4 c6 9. c3 Ngf6 10. Bc2 Be7 11. Qd3 Nh5 12. Bd2 Qc7 13. Ng5 Nhf6 14. Qh3 h6 15. O-O Rg8 16. Nxf7 Kxf7 17. Rae1 Nf8 18. f4 $1 g6 19. g4 (19. Bb3 $11) 19... Rd8 20. g5 N6h7 (20... Nh5 $15) 21. gxh6 (21. Bb3 $14) 21... Rd5 22. Bb3 {[%emt 0:00:46] [#]} ({Better is} 22. Re5 $15) 22... Rf5 $1 $17 23. Kh1 Bd6 24. Rg1 Qa5 $2 (24... Bxf4 $19 25. Ref1 Nf6 (25... Bxd2 $2 26. Rxf5+ gxf5 27. Qh5+ Rg6 28. Rxg6 $19) 26. Bxf4 Rxf4) 25. Re2 (25. Qe3 $11 Rf6 26. c4) 25... Rf6 (25... Qd8 $5) 26. d5 (26. Qg2 $11 {keeps the balance.}) 26... cxd5 $17 (26... exd5 $2 27. c4 (27. Qc8 Re6 $11) 27... Qc5 28. Rc1 $18 (28. Qc8 Ne6 $18)) 27. c4 Qa6 28. Bc3 $2 (28. Qf3 dxc4 29. Bc2) 28... Rxf4 29. Rge1 (29. Rg4 $142 dxc4 30. Rxf4+ Bxf4 31. Qf3) 29... dxc4 $19 30. Bc2 Ng5 (30... Qxa2 31. Rxe6 Qa6 (31... Ng5 $2 32. Bf5 $18) 32. Qe3 Qc6+ (32... Ng5 33. Qxf4+ Bxf4 34. Re7#) 33. Be4 Rxe4 34. Rxe4 $14) (30... Nf6 $142 {...Qc6+ is the strong threat.} 31. Bxf6 Rxf6) 31. Qg2 $19 Qc6 32. Be4 $2 (32. Qxc6 bxc6 33. Bd2) 32... Nxe4 $19 33. Rxe4 Rxe4 34. Rxe4 Nh7 35. Qf3+ Ke7 36. Qg4 Qd5 37. Bg7 Ng5 38. h7 Nxh7 (38... Qxe4+ $2 {is the wrong capture.} 39. Qxe4 Nxh7 40. Qxb7+ (40. Qxg6 Be5 $18) 40... Ke8 41. Bd4 $18 (41. Qxa7 Be7 $18)) 39. Qxg6 Ng5 40. Bf6+ Kd7 41. Qxg8 Qxe4+ 42. Kg1 Qe3+ 43. Kf1 Qf3+ 44. Ke1 Qxf6 0-1

[Event "52nd Rilton Cup 2024-25"]
[Site "Stockholm"]
[Date "2025.01.05"]
[Round "9.13"]
[White "Mattenberger, Matthias"]
[Black "Johansson, Linus"]
[Result "1-0"]
[ECO "E40"]
[WhiteElo "2267"]
[BlackElo "2404"]
[Annotator "TA"]
[PlyCount "75"]
[EventDate "2024.12.23"]
[EventType "swiss"]
[EventCountry "SWE"]
[SourceTitle "playchess.com"]
[Source "ChessBase"]
[SourceQuality "1"]
[TimeControl "40/5400+30:1800+30"]

1. d4 Nf6 2. c4 e6 3. Nc3 Bb4 4. e3 d5 5. a3 Bxc3+ 6. bxc3 O-O 7. cxd5 exd5 8. Bd3 b6 9. Ne2 c5 10. O-O Ba6 11. f3 Bxd3 12. Qxd3 Nc6 13. Ng3 Re8 14. Bb2 h5 15. Rae1 h4 16. Nh1 Qd6 17. Nf2 Rad8 18. Kh1 Nh5 19. Qf5 g6 (19... Qg6 $11 {remains equal.} 20. Qh3 Qg5) 20. Qg4 $16 Qe7 21. Nd3 (21. e4 $16) 21... c4 (21... Rd6 $1 $11) 22. Nf4 $1 $14 Ng7 23. Nh3 (23. e4 f5 24. Qh3 (24. Qxg6 $2 Rd6 $19) 24... g5 $15) 23... Rd6 24. e4 Nd8 (24... f5 $1 $14 25. Qf4 Nh5) 25. Bc1 ({White should try} 25. e5 $16 f5 26. exf6 Qxe1 27. Rxe1 Rxe1+ 28. Ng1 Rxf6 29. Qxh4) 25... f5 26. Qf4 $36 {[%emt 0:00:46][%mdl 2048] White is really pushing.} Nf7 ({Black should try} 26... Nh5 27. Qg5 dxe4) 27. e5 $16 Rc6 28. Qd2 Ne6 (28... b5 $16) 29. a4 b5 (29... g5 {was called for.} 30. Rg1 Kh8) 30. axb5 $18 Rb6 31. g4 hxg3 {[%emt 0:00:49] [#]} 32. Rg1 $1 ({Don't play} 32. hxg3 $6 Rxb5 33. Re2 Kg7 $16) 32... Rxb5 33. Rxg3 Nh8 34. Reg1 {[%emt 0:01:36] aiming for Rxg6+.} Qh4 (34... Qg7 $142 35. Nf4 Nxf4) 35. Qg2 {[%emt 0:02:57] Rxg6+ would kill now.} Kf8 $2 (35... Qh7 36. Ng5 Qe7 37. Nxe6 (37. f4 Nxg5 38. Rxg5 Qe6 $18) 37... Qxe6) 36. Ba3+ Kg7 37. Rxg6+ Kh7 {[%emt 0:00:21] [#]} 38. Rxe6 $1 1-0

[Event "52nd Rilton Cup 2024-25"]
[Site "Stockholm"]
[Date "2025.01.05"]
[Round "9.14"]
[White "Wong, Zhenyong Jayden"]
[Black "Rakshitta Ravi"]
[Result "1/2-1/2"]
[ECO "A62"]
[WhiteElo "2396"]
[BlackElo "2320"]
[Annotator "TA"]
[PlyCount "41"]
[EventDate "2024.12.23"]
[EventType "swiss"]
[EventCountry "SWE"]
[SourceTitle "playchess.com"]
[Source "ChessBase"]
[SourceQuality "1"]
[TimeControl "40/5400+30:1800+30"]

1. d4 Nf6 2. c4 e6 3. g3 c5 4. d5 exd5 5. cxd5 d6 6. Nc3 g6 7. Bg2 Bg7 8. Nf3 O-O 9. O-O Re8 10. Bf4 Bf5 11. Nh4 {[%emt 0:02:37] Nxf5 would now be deadly.} Bg4 12. h3 Nh5 13. Bd2 Bd7 14. Qb3 Na6 15. Qxb7 Nb4 {[%emt 0:01:53] Threatens to win with ...Re7.} 16. a3 $1 Rb8 17. Qxa7 Ra8 (17... Nc2 $15 18. Rab1 Nd4) 18. Qb7 (18. Qxa8 $1 $14 Qxa8 19. axb4) 18... Rb8 {[%emt 0:01:24][%mdl 1024] Black has compensation.} 19. Qa7 $1 (19. Bg5 $2 f6 $19 (19... Qxg5 20. Qxd7 Nc2 21. Rab1 $11) (19... Rxb7 $2 20. Bxd8 Nc2 21. Rac1 $19)) 19... Ra8 ({Better is} 19... Nc2 $15 20. Rab1 Nd4) 20. Qb7 Rb8 21. Qa7 $1 ({Avoid the trap} 21. Bg5 $2 f6 (21... Qxg5 22. Qxd7 Bxc3 23. axb4 $16) (21... Rxb7 $2 22. Bxd8 Nc2 23. Rac1 $19) 22. Qa7 fxg5 $19) 1/2-1/2

[Event "52nd Rilton Cup 2024-25"]
[Site "Stockholm"]
[Date "2025.01.05"]
[Round "9.15"]
[White "Khripachenko, Alexander"]
[Black "Rasti, Arvin"]
[Result "1-0"]
[ECO "B67"]
[WhiteElo "2400"]
[BlackElo "2185"]
[Annotator "TA"]
[PlyCount "83"]
[EventDate "2024.12.23"]
[EventType "swiss"]
[EventCountry "SWE"]
[SourceTitle "playchess.com"]
[Source "ChessBase"]
[SourceQuality "1"]
[TimeControl "40/5400+30:1800+30"]

1. e4 c5 2. Nf3 d6 3. d4 cxd4 4. Nxd4 Nf6 5. Nc3 Nc6 6. Bg5 e6 7. Qd2 a6 8. O-O-O Bd7 9. Kb1 Be7 10. f3 Nxd4 11. Qxd4 Qc7 12. h4 b5 13. Qd2 b4 14. Ne2 a5 $1 15. c4 h6 16. Be3 h5 17. Nd4 Ba4 ({Better is} 17... O-O $11) 18. Rc1 Nd7 19. Nb5 Bxb5 (19... Qb8 $14) 20. cxb5 $16 Nc5 21. Qf2 O-O 22. Be2 $36 {[%emt 0:01:24][%cal Oe4e5][%mdl 2048] Black is under strong pressure.} Rfc8 23. Rhd1 a4 24. e5 d5 {[%emt 0:02:51][%cal Oa4a3] ...a3! is the strong threat.} 25. Bd4 Qb6 $2 {[%emt 0:04:05] [#]} (25... Bf8 $16) 26. g4 $1 $18 a3 27. b3 hxg4 28. Rg1 (28. fxg4 $18 {is the precise move to win. Black must now prevent Rf1.} Rc7 29. Rf1) 28... Rc7 (28... Qd8 $16 {might work better.}) 29. Rcd1 (29. Rxg4 Nxb3 30. Rd1 (30. Bxb6 $2 Rxc1#) (30. Rxc7 $2 Qxc7 31. Qe3 Rc8 $19) 30... Nxd4 31. Qxd4 Bc5 $19) (29. fxg4 Rac8 $14) (29. Rcf1 $18) 29... Rac8 $2 (29... gxf3 $16 30. Qxf3 Qb7) 30. Qg3 Bf8 31. Qxg4 (31. fxg4 Qb7 32. Qf4 Ne4 $19) 31... Qb8 $2 (31... Qa5 32. Qh5 Rb7) 32. h5 Kh8 33. Qg5 {[%emt 0:01:08][%cal Oh5h6] Intending h6! and mate.} Qb7 34. h6 g6 35. Qf6+ Kh7 36. Bxc5 Rxc5 37. Bd3 {[%emt 0:00:25] Active counter play!} Bxh6 {[%emt 0:02:39] [#]} 38. Bxg6+ $1 fxg6 39. Qxg6+ (39. Qxe6 Qg7 (39... Rxb5 40. Rxg6 Kh8 41. Rxh6+) 40. f4 Rc2 $19 (40... Bxf4 41. Rdf1 $15)) 39... Kh8 40. Qxh6+ ({And not} 40. Rh1 Rc1+ 41. Rxc1 Rxc1+ 42. Rxc1 Bxc1 43. Qf6+ (43. Kxc1 Qc7+ 44. Kd2 Qc3+ 45. Ke2 Qxe5+ 46. Kf2 Qd4+ 47. Kg2 Qe3 $11) 43... Kh7 44. Kxc1 Qc8+ 45. Kd1 Qc3 $14) 40... Qh7+ 41. Qxh7+ Kxh7 42. Rd2 1-0

[Event "52nd Rilton Cup 2024-25"]
[Site "Stockholm"]
[Date "2025.01.05"]
[Round "9.16"]
[White "Tarhan, Adar"]
[Black "Fiskaaen, Martin Holten"]
[Result "1-0"]
[ECO "D38"]
[WhiteElo "2481"]
[BlackElo "2311"]
[Annotator "TA"]
[PlyCount "189"]
[EventDate "2024.12.23"]
[EventType "swiss"]
[EventCountry "SWE"]
[SourceTitle "playchess.com"]
[Source "ChessBase"]
[SourceQuality "1"]
[TimeControl "40/5400+30:1800+30"]

1. d4 Nf6 2. Nf3 d5 3. c4 e6 4. Nc3 Nbd7 5. Bg5 Bb4 6. e3 c5 7. cxd5 exd5 8. Bd3 Qa5 9. Qc2 c4 10. Bf5 O-O 11. O-O Re8 12. Bh4 g6 13. Bxd7 Nxd7 14. Ne2 Nf8 15. Ng3 Bd6 16. Ne5 Bxe5 17. dxe5 Rxe5 18. Bf6 Re8 19. Bc3 Qc5 20. Rad1 Be6 21. Qe2 Qc6 22. Qf3 d4 23. Qxc6 bxc6 24. Rxd4 f5 25. Ne2 Rad8 26. Rfd1 Rxd4 27. Rxd4 Re7 28. Nf4 Bf7 29. h4 Rd7 30. Rxd7 Nxd7 31. f3 a6 32. Ne2 Kf8 33. a3 Ke8 34. Bd4 Nf8 35. Kf2 Ne6 36. e4 fxe4 37. fxe4 g5 38. hxg5 Nxg5 39. Ke3 Ne6 40. Ng3 Bg6 41. Nf5 Kd7 42. Bc3 c5 43. Nh4 Be8 44. Nf3 Kd6 45. Ne5 Bb5 46. Ng4 Be8 47. Ne5 Bb5 48. Nf3 Be8 49. g4 Ba4 50. Be5+ Ke7 51. Bc3 Kd6 52. Bf6 Be8 53. g5 Bb5 54. Kf2 Nf8 55. Kg3 Ke6 56. Bc3 Bc6 57. Nd2 Ng6 58. Kf3 Nh4+ 59. Kg4 Ng2 60. Kh5 (60. Nxc4 Bxe4 61. Bd2 Bd5) (60. Kg3 $1 $14 Ne3 61. Kf3) 60... Be8+ $1 $11 61. Kg4 ({White should play} 61. Kh6 $11 Bg6 62. Nxc4) 61... Bc6 $14 62. Kg3 $1 (62. Nxc4 Bxe4 63. Bd2 Kd5 64. Nb6+ Kc6 $11) 62... Ne1 63. Nxc4 Nc2 64. Kf4 Na1 65. Ne3 Nb3 66. Nf5 c4 67. Bb4 a5 68. Bc3 Bb7 69. Ne3 Ba6 (69... a4 $16) 70. Nd5 $18 Bb7 {[%emt 0:00:21] [#]} 71. Nf6 $1 Nc5 72. Nxh7 (72. Bxa5 $6 h6 $16) 72... Nxe4 (72... Kf7 $142 73. Nf6 (73. Bxa5 Nd3+ 74. Ke3 Nxb2 $16) 73... Kg6 74. Bxa5 Nd3+ 75. Kg4 Nxb2) 73. Bxa5 ({Not} 73. Nf8+ Kf7 $11) 73... Kf7 74. Bc3 Nf2 75. Kg3 Ne4+ 76. Kh4 Bc6 (76... Kg6 $142) 77. Nf6 $18 Nd6 78. Kh5 Bf3+ 79. Kh6 Nf5+ 80. Kh7 Ne7 {[%emt 0:00:30] [#]} 81. Bb4 $1 Ng6 (81... c3 {was necessary.} 82. bxc3 (82. Bxc3 Bd1 $14) 82... Nc6) 82. Ng8 $18 Be4 83. Nh6+ Ke6 84. Kg7 Bc2 85. a4 Nf4 86. a5 Be4 87. Bc3 Ke7 88. Ng8+ Ke6 (88... Kd6 $142 89. a6 Kc6 90. Ne7+ Kb6) 89. Nf6 Bf3 90. a6 Kf5 91. Kh6 Ke6 92. g6 Nxg6 93. Kxg6 Kd6 94. a7 Kc7 95. Kf5 1-0

[Event "52nd Rilton Cup 2024-25"]
[Site "Stockholm"]
[Date "2025.01.05"]
[Round "9.17"]
[White "Anand, Batsukh"]
[Black "Raczek, Krzysztof"]
[Result "1/2-1/2"]
[ECO "A07"]
[WhiteElo "2234"]
[BlackElo "2443"]
[Annotator "TA"]
[PlyCount "93"]
[EventDate "2024.12.23"]
[EventType "swiss"]
[EventCountry "SWE"]
[SourceTitle "playchess.com"]
[Source "ChessBase"]
[SourceQuality "1"]
[TimeControl "40/5400+30:1800+30"]

1. Nf3 d5 2. g3 Nc6 3. d4 Bf5 4. a3 e6 5. Bg2 Nf6 6. c4 Be7 7. Nc3 Ne4 8. Bf4 O-O 9. cxd5 exd5 10. Rc1 Nxc3 11. Rxc3 Bd6 12. Qd2 Ne7 13. Bxd6 Qxd6 14. Ne5 c6 15. Qf4 {[%emt 0:04:11][%cal Oe5c6] Nxc6! is the strong threat.} Rad8 16. O-O f6 17. Nd3 Bxd3 18. Qxd6 Rxd6 19. Rxd3 a5 20. Rb3 Rd7 21. Bh3 f5 22. Rc1 g5 23. f3 h5 24. Rc5 Ra8 25. e4 a4 26. Re3 g4 27. Bf1 $1 dxe4 28. fxe4 Rxd4 29. Bc4+ (29. Re5 $11 {keeps the balance.} Kf7 30. exf5) 29... Kf8 $17 30. exf5 {[%emt 0:00:06] [#]} b6 $1 31. Rce5 Rxc4 32. Rxe7 {[%emt 0:00:06][%mdl 4096] Endgame KRR-KRR} Rd8 (32... Rc1+ $17 33. Kg2 Rc2+ 34. Re2 Rxe2+ 35. Rxe2 Ra5) 33. Re2 $1 $11 Rd1+ (33... Rc1+ $5 34. Kf2 Rc5 $19) 34. Kf2 {[%emt 0:02:17] [#]} (34. Kg2 $11) 34... Rd5 ({Black should try} 34... Rc5 $1 $17) 35. f6 Rf5+ 36. Kg2 Rxf6 37. R7e5 $1 Rc5 38. Rxc5 $1 bxc5 {[%emt 0:00:01] KR-KR. Black is a pawn up.} 39. Re4 Rd6 {[%emt 0:00:24] ...Rd2+ would now be deadly.} 40. Kf2 Rd2+ 41. Re2 $1 Rd3 42. Re3 Rd2+ 43. Re2 Rd3 44. Re3 Rd1 45. Re1 Rd5 46. Re4 Rd2+ 47. Re2 $1 1/2-1/2

[Event "52nd Rilton Cup 2024-25"]
[Site "Stockholm"]
[Date "2025.01.05"]
[Round "9.18"]
[White "Sorensen, Hampus"]
[Black "Logdahl, Harald"]
[Result "1-0"]
[ECO "A89"]
[WhiteElo "2424"]
[BlackElo "2299"]
[Annotator "TA"]
[PlyCount "99"]
[EventDate "2024.12.23"]
[EventType "swiss"]
[EventCountry "SWE"]
[SourceTitle "playchess.com"]
[Source "ChessBase"]
[SourceQuality "1"]
[TimeControl "40/5400+30:1800+30"]

1. d4 f5 2. Nf3 Nf6 3. g3 g6 4. Bg2 Bg7 5. O-O O-O 6. c4 d6 7. Nc3 Nc6 8. d5 Ne5 9. Nxe5 dxe5 10. Qb3 h6 11. e4 f4 12. gxf4 exf4 13. Bxf4 Nxe4 $1 14. Bxc7 Qxc7 15. Nxe4 (15. Bxe4 Qf4 16. Qc2 Bh3 $15) 15... Qf4 ({Black should try} 15... Qb6 $14) 16. Rae1 Kh8 17. Ng3 Qf6 18. Re3 {[%emt 0:02:55] White is more active.} Qxb2 19. Rxe7 {[%emt 0:03:44] Black must now prevent Qe3.} Qf6 (19... Qxb3 $16 20. axb3 Bf6) 20. Qe3 $18 h5 21. Re8 (21. c5 $142) 21... Bd7 22. Rxa8 Rxa8 23. Ne4 Qb6 (23... Qd4 $142 24. Nd6 Qxe3 25. fxe3 b6) 24. c5 Qa5 (24... Qb4 $142 25. a3 Qd4) 25. Nd6 Bb5 (25... Qa4 $142 26. Nxb7 Bb5) 26. Rb1 a6 27. Qe4 Kh7 28. a4 (28. Nxb7 Qxa2 29. Re1 Rf8 $14) 28... Qxa4 29. Qxa4 ({Not} 29. Nxb7 Qa2 30. Nd6 Rf8 31. Nxb5 Qxf2+ 32. Kh1 Rf4 $11 (32... Qxc5 33. d6 $11)) 29... Bxa4 30. Nxb7 Bc2 31. Rc1 Bf5 32. d6 a5 33. c6 a4 34. d7 a3 35. Bd5 Bf6 36. c7 Bxd7 37. Nc5 $1 Bb2 38. Nxd7 Bxc1 {[%emt 0:00:29][%mdl 4096] Endgame KRB-KBN} 39. Nb8 (39. Nf6+ $142 Kg7 40. Bxa8 a2 41. c8=Q (41. c8=B $2 {perishes.} Kxf6 42. Bcb7 a1=Q $19) 41... a1=Q 42. Qg8+ Kxf6 43. Qh8+ Ke6 44. Qxa1) 39... Bf4 40. c8=Q (40. c8=R a2 (40... Rxb8 $2 41. Rc3 $17) 41. Bxa2 Kh6 $15 (41... Rxa2 42. Nd7 $11) (41... Rxb8 42. Rxb8 Bxb8 43. Kg2 $11)) 40... Rxb8 41. Qd7+ Kh6 42. Qf7 Be5 43. Qe6 Bd4 44. Qe4 Rb4 45. Qf4+ Kh7 46. Kg2 {[%emt 0:00:00] White threatens Qf8 and mate.} Ra4 47. Ba2 Rb4 48. Qd6 Rb2 49. Qxd4 Rxa2 50. Qa7+ 1-0